 Dungeon Crawl Stone Soup version 0.30-a0-54-g2e61a25929 (webtiles) character file.

Game seed: 6439309198472172131

28331 ngirn the Unseen (level 13, -3/63 HPs)
             Began as a Spriggan Enchanter on Sept 7, 2022.
             Was an Elder of Dithmenos.
             Slain by a hellwing (8 damage)
             ... summoned by a kobold demonologist
             ... on level 14 of the Dungeon.
             The game lasted 00:31:23 (12302 turns).

ngirn the Unseen (Spriggan Enchanter)              Turns: 12302, Time: 00:31:24

Health: -3/63      AC:  0    Str:  8    XL:     13   Next: 9%
Magic:  25/31      EV: 30    Int: 17    God:    Dithmenos [****..]
Gold:   372        SH:  0    Dex: 16    Spells: 27/38 levels left

rFire   . . .      SeeInvis +    d - +3 dagger (drain)
rCold   + + +      Faith    .    (no shield)
rNeg    . . .      Spirit   .    a - +4 skin of Zhor {*Englaciate rC+++ SInv}
rPois   +          Reflect  .    (helmet restricted)
rElec   .          Harm     .    x - +1 cloak {rPois}
rCorr   .          Rampage  .    (gloves unavailable)
Will    ++...      Rage     3%   (boots unavailable) Stlth *+++++++++
                                 i - amulet of Vehumet's Respect {Acrobat Regen+}
HPRegen 1.00/turn                e - +4 ring of evasion
MPRegen 0.22/turn                p - +4 ring of evasion

@: corroded, on berserk cooldown, slowed, wreathed by umbra, quick
A: very small, no large weapons, unfitting armour, see invisible, speed 3, thin
skeletal structure 1, berserk 1, clumsy 1
a: Renounce Religion, Shadow Step


You were on level 14 of the Dungeon.
You worshipped Dithmenos.
Dithmenos was greatly pleased with you.
You visited 2 branches of the dungeon, and saw 15 of its levels.

You collected 733 gold pieces.
You spent 361 gold pieces at shops.

Inventory:

Hand Weapons
 d - a +3 dagger of draining (weapon)
 B - a +2 dagger of protection
Missiles
 w - a throwing net (quivered)
Armour
 a - the +4 skin of Zhor (worn) {*Englaciate rC+++ SInv}
   (You acquired it on level 9 of the Dungeon)

   It radiates cold, occasionally slowing all nearby creatures who are not
   resistant to cold.
   rC:        It renders you almost immune to cold.
   SInv:      It lets you see invisible.
 h - the +2 robe "Jiwoz" {rC+}
   (You found it on level 2 of the Dungeon)

   rC:        It protects you from cold.
 r - +0 steam dragon scales
 x - a +1 cloak of poison resistance (worn)
Jewellery
 e - a +4 ring of evasion (left hand)
 i - the amulet of Vehumet's Respect (around neck) {Acrobat Regen+}
   (You acquired it on level 2 of the Dungeon)

   [amulet of the acrobat]

   It increases your evasion while moving and waiting.
   Regen:     It increases your rate of health regeneration.
 p - a +4 ring of evasion (right hand)
 q - a ring of positive energy
 v - a +6 ring of dexterity
Wands
 n - a wand of polymorph (11)
 F - a wand of paralysis (5)
Scrolls
 f - 6 scrolls of teleportation
 g - 5 scrolls of identify
 s - a scroll of magic mapping
 t - 3 scrolls of amnesia
 y - 2 scrolls of immolation
 A - a scroll of blinking
 C - 2 scrolls of summoning
Potions
 b - 11 potions of curing
 c - 3 potions of invisibility
 j - 4 potions of lignification
 k - 4 potions of heal wounds
 l - 4 potions of ambrosia
 m - 4 potions of haste
 o - a potion of might
 u - 3 potions of flight
 z - a potion of resistance
 D - a potion of berserk rage
 E - 3 potions of brilliance


   Skills:
 + Level 5.1 Fighting
 + Level 6.9 Short Blades
 + Level 8.5 Dodging
 + Level 16.6 Stealth
 + Level 13.4 Spellcasting
 * Level 15.1 Hexes


You had 27 spell levels left.
You knew the following spells:

 Your Spells              Type           Power      Damage    Failure   Level
a - Ensorcelled Hibernat  Hex/Ice        74%        N/A       1%          2
b - Tukima's Dance        Hex            58%        N/A       1%          3
c - Dazzling Flash        Conj/Hex       74%        N/A       1%          3
d - Confusing Touch       Hex            58%        N/A       1%          3

Your spell library contained the following spells:

 Spells                   Type           Power      Damage    Failure   Level
 Summon Guardian Golem    Hex/Summ       37%        N/A       1%          3
 Leda's Liquefaction      Hex/Erth       18%        N/A       2%          4
 Beastly Appendage        Tmut           22%        N/A       6%          1
 Necrotise                Necr           44%        1d6       6%          1
 Summon Small Mammal      Summ           44%        N/A       6%          1
 Wereblood                Tmut           11%        N/A       9%          2
 Call Canine Familiar     Summ           11%        N/A       19%         3
 Spider Form              Tmut/Pois      11%        N/A       19%         3
 Vampiric Draining        Necr           11%        2d6       19%         3
 Discord                  Hex            29%        N/A       61%         8
 Agony                    Necr           11%        N/A       86%         5
 Lee's Rapid Deconstruct  Erth           5%         3d7*      86%         5
 Conjure Ball Lightning   Conj/Air       5%         3x3d6     100%        6
 Statue Form              Tmut/Erth      7%         N/A       100%        6
 Disjunction              Tloc           5%         N/A       100%        8


Dungeon Overview and Level Annotations

Branches:
Dungeon (14/15)            Temple (1/1) D:7            Lair (0/5) D:11
    Orc (0/2) D:11         Vaults (0/5) D:14

Altars:
Ashenzari
Cheibriados
Dithmenos
Elyvilon
Fedhas
Gozag
Hepliaklqana
Kikubaaqudgha
Makhleb
Nemelex Xobeh
Okawaru
Qazlal
Ru
Sif Muna
Trog
Uskayaw
Vehumet
Wu Jian
Xom
Yredelemnul
Zin
The Shining One

Shops:
D:1 !   D:2 [   D:7 *   D:9 !

Annotations:
D:12 3 runed translucent doors, Nedwor's ghost, journeyman DsGl


Innate Abilities, Weirdness & Mutations

You are very small and have problems with some larger weapons.
You are too small for most types of armour.
You have supernaturally acute eyesight. (SInv)
You cover ground extremely quickly. (Speed+++)
You have a somewhat thin skeletal structure. (Dex +2, Stealth+)
You sometimes lose your temper in combat.
You are clumsy. (Dex -2)


Message History

The shadow imp laughs crazily.
You hit the kobold demonologist but do no damage.
You drain the kobold demonologist.
The kobold demonologist is almost dead.
The kobold brigand misses you.
The kobold demonologist completely misses you.
The hellwing closely misses you. The hellwing misses you.
Unknown command.
You hit the kobold demonologist but do no damage.
The kobold demonologist is almost dead.
Your shadow misses the kobold demonologist.
The kobold brigand closely misses you.
The kobold demonologist completely misses you.
The hellwing completely misses you. The hellwing misses you.
Unknown command.
You hit the kobold demonologist but do no damage.
You drain the kobold demonologist.
The kobold demonologist is almost dead.
You radiate an aura of cold.
The hellwing seems to slow down.
The kobold demonologist seems to slow down. x2
The ufetubus is unaffected.
The smoke demon resists.
The kobold brigand seems to slow down.
The shadow imp is unaffected.
The kobold brigand seems to slow down.
The neqoxec seems to slow down.
The kobold demonologist closely misses you.
The kobold brigand completely misses you.
The hellwing closely misses you. The hellwing completely misses you.
You closely miss the kobold demonologist.
The kobold demonologist is almost dead.
Unknown command.
You hit the kobold demonologist but do no damage.
You drain the kobold demonologist.
The kobold demonologist is almost dead.
The kobold demonologist is no longer covered in acid.
The kobold demonologist begins to cast a cantrip, but forgets the words!
The kobold brigand hits you.
The kobold demonologist mumbles some strange words.
The hellwing hits you!
* * * LOW HITPOINT WARNING * * *
The hellwing hits you!
You die...

≈≈≈≈≈≈≈.~<~~.#
#####~~≈≈≈~≈~~~~≈
#.....≈≈≈~≈~≈≈~≈~ #
#.#####≈≈≈~≈≈≈≈≈≈ #.
#......>~≈~#≈≈≈≈≈
#.####......~.≈≈≈#~~≈
#53K#.....#..#≈###.~.
...#5#K#.....#..#.......
#35KK@4....#..#####.#[
....###########........+.
.. #........#.
#.......... #..#####.#.
#..# #.#. #..# #.#. #..#
#.#. #### #.#.


You could see a hellwing (summoned, slow), 2 kobold demonologists, a smoke demon
(summoned), a neqoxec (summoned, slow), 2 kobold brigands, a quasit (summoned),
a shadow imp (summoned) and an ufetubus (summoned).

Vanquished Creatures
  Josephine (D:13)
  5 hydras
  2 two-headed ogres
  A boulder beetle (D:12)
  An orc sorcerer (D:12)
  A deep elf pyromancer (D:13)
  8 ugly things
  2 manticores
  2 cyclopes
  Maurice (D:9)
  Maggie (D:7)
  2 unseen horrors (D:11)
  Psyche (D:9)
  A komodo dragon (D:11)
  6 trolls
  4 hornets
  5 slime creatures (D:11)
  A raiju (shapeshifter) (D:14)
  A dream sheep (shapeshifter) (D:14)
  A jumping spider (shapeshifter) (D:14)
  3 water elementals
  14 yaks
  Sigmund (D:6)
  A vampire (D:9)
  6 wraiths
  3 wyverns
  2 steam dragons
  Grum (D:9)
  10 vampire mosquitoes
  Menkaure (D:5)
  2 water moccasins
  2 floating eyes (D:12)
  An acid dragon (D:12)
  An ice beast (D:6)
  4 orc warriors
  A sky beast (D:7)
  A black bear (D:7)
  6 wolves
  An ogre (D:6)
  4 centaurs
  3 kobold brigands
  A phantom (D:5)
  3 bullfrogs
  A gnoll sergeant (D:7)
  2 scorpions
  2 necrophages
  3 wights (D:8)
  5 killer bees (D:8)
  3 electric eels
  8 howler monkeys
  7 orc priests
  2 gnoll boudas
  6 hounds
  3 jellies
  6 orc wizards
  5 iguanas
  12 gnolls
  5 adders
  3 white imps
  3 ufetubi
  2 worms
  A dart slug (D:3)
  28 orcs
  12 ball pythons
  4 bats
  2 bat zombies (D:4)
  4 endoplasms
  2 giant cockroaches
  6 goblins
  7 hobgoblins
  3 quokkas
  A frilled lizard (D:1)
  16 kobolds
  6 rats
  A rat zombie (D:4)
290 creatures vanquished.

Vanquished Creatures (collateral kills)
  2 tengu warriors (D:13)
  Edmund (D:4)
  3 wights (D:7)
  A gnoll bouda (D:5)
  6 gnolls
  A white imp (D:6)
14 creatures vanquished.

Vanquished Creatures (others)
  5 dancing weapons
5 creatures vanquished.

Grand Total: 309 creatures vanquished

Notes
Turn   | Place    | Note
-------+----------+-------------------------------------------
     0 | D:1      | ngirn the Spriggan Enchanter began the quest for the Orb.
     0 | D:1      | Reached XP level 1. HP: 9/9 MP: 5/5
    35 | D:1      | Found Wusiuhum's Distillery.
   384 | D:1      | Found a faded altar of an unknown god.
   766 | D:1      | Reached XP level 2. HP: 13/13 MP: 7/7
   769 | D:1      | Learned a level 2 spell: Ensorcelled Hibernation
  1017 | D:2      | Found Seominlu's Armour Shoppe.
  1336 | D:2      | Reached XP level 3. HP: 16/16 MP: 9/9
  1340 | D:2      | Learned a level 3 spell: Tukima's Dance
  1344 | D:2      | Learned a level 3 spell: Confusing Touch
  1473 | D:2      | Identified the +2 robe "Jiwoz" {rC+}
  1695 | D:2      | Identified a scroll of acquirement
  1695 | D:2      | Acquired the amulet of Vehumet's Respect {Acrobat Regen+}
  1938 | D:1      | Bought 2 potions of curing for 66 gold pieces
  2001 | D:3      | Reached XP level 4. HP: 11/21 MP: 8/11
  2074 | D:3      | Reached skill level 5 in Hexes
  2589 | D:4      | Reached XP level 5. HP: 18/24 MP: 13/13
  2756 | D:4      | Reached skill level 5 in Spellcasting
  3131 | D:4      | Found a snail-covered altar of Cheibriados.
  3173 | D:4      | Noticed Edmund
  3183 | D:4      | Reached skill level 5 in Stealth
  3300 | D:4      | Killed Edmund
  3301 | D:4      | Reached XP level 6. HP: 28/28 MP: 4/15
  3460 | D:4      | Found an ancient bone altar of Kikubaaqudgha.
  3596 | D:5      | Entered Level 5 of the Dungeon
  3607 | D:5      | Reached skill level 6 in Stealth
  3628 | D:5      | Learned a level 3 spell: Dazzling Flash
  3655 | D:5      | Noticed Menkaure
  3674 | D:5      | Killed Menkaure
  3675 | D:5      | Reached XP level 7. HP: 32/32 MP: 12/17
  3708 | D:5      | Reached skill level 7 in Stealth
  3960 | D:5      | Noticed a steam dragon
  3969 | D:5      | Killed a steam dragon
  3970 | D:5      | Reached skill level 8 in Stealth
  4430 | D:6      | Reached XP level 8. HP: 36/36 MP: 20/20
  4613 | D:6      | Reached skill level 9 in Stealth
  4719 | D:6      | Gained mutation: You have a somewhat thin skeletal
                  | structure. (Dex +2, Stealth+) [potion of mutation]
  4719 | D:6      | Gained mutation: You have hidden genetic defects. [potion
                  | of mutation]
  4765 | D:6      | Noticed Sigmund
  4774 | D:6      | Killed Sigmund
  4797 | D:6      | Gained mutation: You are clumsy. (Dex -2) [hidden defects]
  4819 | D:6      | Reached skill level 10 in Stealth
  4983 | D:6      | Gained mutation: You sometimes lose your temper in combat.
                  | [hidden defects]
  4983 | D:6      | Lost mutation: You have hidden genetic defects. [hidden
                  | defects expressed]
  5265 | D:7      | Found a staircase to the Ecumenical Temple.
  5276 | Temple   | Entered the Ecumenical Temple
  5562 | D:7      | Reached XP level 9. HP: 38/39 MP: 16/22
  5590 | D:7      | Reached skill level 11 in Stealth
  6016 | D:7      | Noticed Maggie
  6027 | D:7      | Killed Maggie
  6028 | D:7      | Reached skill level 10 in Hexes
  6079 | D:7      | Found Ytus's Assorted Antiques.
  6182 | D:7      | Bought a scroll labelled KOULOEZOKA for 29 gold pieces
  6182 | D:7      | Bought a scroll labelled NYPLACO ICOR for 29 gold pieces
  6458 | D:8      | Reached skill level 12 in Stealth
  6458 | D:8      | Reached skill level 10 in Spellcasting
  6500 | D:8      | Found a shadowy altar of Dithmenos.
  6569 | D:8      | Became a worshipper of Dithmenos the Shadowed
  7068 | D:8      | Reached XP level 10. HP: 44/44 MP: 25/25
  7440 | D:8      | Reached skill level 13 in Stealth
  7483 | D:9      | Found Tisiegru's Distillery.
  7486 | D:9      | Bought a potion of heal wounds for 70 gold pieces
  7486 | D:9      | Bought a potion of heal wounds for 70 gold pieces
  7486 | D:9      | Bought a potion of curing for 42 gold pieces
  7581 | D:1      | Bought a potion of heal wounds for 55 gold pieces
  7737 | D:9      | Noticed Maurice
  7743 | D:9      | Killed Maurice
  7923 | D:9      | Noticed a green ugly thing
  7939 | D:9      | Noticed Psyche
  7939 | D:9      | Noticed Grum
  8026 | D:9      | Killed Psyche
  8093 | D:9      | Acquired the +4 skin of Zhor {*Englaciate rC+++ SInv}
  8093 | D:9      | Found the +4 skin of Zhor {*Englaciate rC+++ SInv}
  8149 | D:9      | Killed Grum
  8149 | D:9      | Reached * piety under Dithmenos
  8167 | D:9      | Reached skill level 14 in Stealth
  8179 | D:9      | Killed a green ugly thing
  8180 | D:9      | Reached skill level 1 in Fighting
  8494 | D:10     | Entered Level 10 of the Dungeon
  8565 | D:10     | Reached XP level 11. HP: 49/50 MP: 21/27
  8597 | D:10     | Noticed a two-headed ogre
  8637 | D:10     | Killed a two-headed ogre
  8655 | D:10     | Noticed a six-headed hydra
  8656 | D:10     | Killed a six-headed hydra
  8793 | D:10     | Reached skill level 5 in Dodging
  8880 | D:10     | Reached ** piety under Dithmenos
  9041 | D:10     | Found a hide-covered altar of Uskayaw.
  9511 | D:11     | Noticed a white ugly thing
  9518 | D:11     | Killed a white ugly thing
  9603 | D:11     | Reached skill level 15 in Stealth
  9865 | D:11     | Found a staircase to the Lair.
  9872 | D:11     | Noticed a six-headed hydra
  9879 | D:11     | Killed a six-headed hydra
  9902 | D:11     | Reached skill level 5 in Short Blades
 10034 | D:11     | Found a staircase to the Orcish Mines.
 10196 | D:11     | Reached XP level 12. HP: 57/57 MP: 29/29
 10494 | D:11     | Reached *** piety under Dithmenos
 10882 | D:12     | Noticed a boulder beetle
 10890 | D:12     | Killed a boulder beetle
 10950 | D:12     | Noticed a five-headed hydra
 10951 | D:12     | Found a runed translucent gate.
 10951 | D:12     | Found a runed translucent gate.
 10951 | D:12     | Found a runed translucent gate.
 10952 | D:12     | Noticed Nedwor's ghost (journeyman DsGl)
 10956 | D:12     | Killed a five-headed hydra
 11169 | D:13     | Noticed Josephine
 11174 | D:13     | Killed Josephine
 11278 | D:13     | Noticed a tengu warrior
 11281 | D:13     | Noticed a tengu warrior
 11305 | D:13     | Killed a tengu warrior
 11308 | D:13     | Killed a tengu warrior
 11309 | D:13     | Reached skill level 16 in Stealth
 11411 | D:13     | Identified the +3 whip of Kismet {vorpal, rN+}
 11530 | D:13     | Noticed a five-headed hydra
 11537 | D:13     | Noticed a two-headed ogre
 11539 | D:13     | Killed a five-headed hydra
 11553 | D:13     | Killed a two-headed ogre
 11666 | D:13     | Noticed a four-headed hydra
 11693 | D:13     | Killed a four-headed hydra
 12046 | D:14     | Found a gate to the Vaults.
 12214 | D:14     | Reached skill level 15 in Hexes
 12217 | D:14     | Reached skill level 5 in Fighting
 12217 | D:14     | Reached XP level 13. HP: 63/63 MP: 31/31
 12261 | D:14     | Reached **** piety under Dithmenos
 12302 | D:14     | Slain by a hellwing

Illustrated notes

Levels and vault maps discovered:
D:1:      wander_arrival_desolate, layout_loops_corners, serial_shops, shop,
          basic_ecumenical_altar, minmay_misc_feat_columns
D:2:      layout_loops_ring, serial_shops, shop
D:3:      layout_basic, st_stairs_4
D:4:      layout_basic, cheibrodos_worm_habitat,
          lemuel_zombie_altar_kikubaaqudgha, uniq_edmund
D:5:      nicolae_BIG_FREAKIN_CUBE, layout_gridville, uniq_menkaure
D:6:      nicolae_cairo_tiling_large, layout_loops_ring, nrook_campfire,
          uniq_sigmund
D:7:      layout_rooms, minmay_temple_entry_junction, serial_shops,
          nicolae_diamond_shop, uniq_maggie
D:8:      layout_basic, mainiacjoe_overflow_alcove_2, corexii_leaking_fountain
D:9:      layout_long_grid, serial_shops, nicolae_stop_n_shop_2, uniq_maurice,
          uniq_psyche, uniq_grum
D:10:     nicolae_cairo_tiling, layout_basic, old_standard_altar
D:11:     layout_gridville, erik_lair_island, orc_0_dummy
D:12:     hellmonk_paralyzer, layout_cave_pools, ebering_ghost_rock_garden,
          minmay_misc_feat_ornament
D:13:     layout_small_grid, uniq_josephine
D:14:     layout_basic, david_vaults_2, chequers_serial_rivers_large_b
Temple:   dpeg_five_rooms_temple

Skill      XL: |  1  2  3  4  5  6  7  8  9 10 11 12 |
---------------+-------------------------------------+-----
Spellcasting   | 3 4 5 6 7 8 10 11 12 13 | 13.4
Hexes          | 4 5 6 7 9 10 12 13 15 | 15.1
Stealth        | 5 6 8 10 12 14 15 16 | 16.6
Dodging        | 4 6 8 |  8.5
Fighting       | 1 3 5 |  5.1
Short Blades   | 3 5 6 |  6.9

Action                   |  1- 3 |  4- 6 |  7- 9 | 10-12 | 13-15 || total
-------------------------+-------+-------+-------+-------+-------++-------
Melee: Dagger            |    79 |   136 |   292 |   490 |    36 ||  1033
       Punch             |     2 |     4 |     3 |     7 |       ||    16
 Cast: Ensorcelled Hiber |     1 |     5 |    31 |    71 |     5 ||   113
       Tukima's Dance    |       |     4 |    25 |     6 |     1 ||    36
       Confusing Touch   |       |     2 |     6 |    11 |     1 ||    20
Invok: Shadow Step       |       |       |       |     1 |       ||     1
Evoke: Wand              |       |       |       |     6 |     3 ||     9
  Use: Scroll            |     4 |     7 |    10 |     8 |       ||    29
       Potion            |       |     1 |     1 |     2 |       ||     4
 Stab: Sleeping          |    13 |    13 |    42 |    75 |     3 ||   146
       Confused          |       |     3 |     6 |    10 |     2 ||    21
       Distracted        |       |       |     3 |     3 |       ||     6
Armor: Robe              |     5 |    16 |    15 |    13 |       ||    49
       Animal skin       |       |       |       |    34 |       ||    34
Dodge: Dodged            |    57 |   122 |   302 |   563 |    34 ||  1078

Table legend: (Time is in decaauts)
 A = Elapsed time spent in this place.
 B = Non-inter-level travel time spent in this place.
 C = Inter-level travel time spent in this place.
 D = Time resting spent in this place.
 E = Time spent auto-exploring this place.
 F = Levels seen in this place.
 G = Mean time per level.
                   A        B        C        D        E       F      G
               +--------+--------+--------+--------+--------+-----+--------+
         Total |   8800 |   8363 |    437 |    445 |   5517 |  15 |  586.7 |
       Dungeon |   8641 |   8233 |    408 |    445 |   5394 |  14 |  617.2 |
        Temple |    159 |    130 |     29 |      0 |    122 |   1 |  159.0 |
               +--------+--------+--------+--------+--------+-----+--------+

Top non-repeatable levels by time:
    D:11: 864 daAuts
     D:7: 790 daAuts
     D:8: 758 daAuts
     D:4: 741 daAuts
     D:2: 737 daAuts
     D:1: 684 daAuts
     D:6: 633 daAuts
    D:10: 626 daAuts
     D:5: 621 daAuts
    D:13: 578 daAuts
     D:9: 570 daAuts
     D:3: 425 daAuts
    D:12: 370 daAuts
    D:14: 237 daAuts
  Temple: 159 daAuts
